 Dungeon Crawl Stone Soup version 0.18.1-50-g88ac8fd (webtiles) character file.

450 kraedy the Skirmisher (level 7, -2/46 HPs)
             Began as a Gargoyle Fighter on Oct 29, 2016.
             Slain by an ogre
             ... wielding a +0 giant club
              (21 damage)
             ... on level 5 of the Dungeon.
             The game lasted 00:10:42 (3202 turns).

kraedy the Skirmisher (Gargoyle Fighter)            Turns: 3202, Time: 00:10:42

Health: -2/46      AC: 13    Str: 22    XL:     7   Next: 4%
Magic:  7/7        EV:  7    Int:  8    God:
Gold:   152        SH:  9    Dex:  9    Spells: 0 memorised, 6 levels left

rFire  . . .     SeeInvis .     g - +0 whip
rCold  . . .     Gourm    .     r - +1 scale mail {rPois}
rNeg   + . .     Faith    .     c - +0 shield
rPois  ∞         Spirit   .     y - +0 helmet
rElec  +         Dismiss  .     (no cloak)
rCorr  .         Reflect  .     (no gloves)
SustAt .         Harm     .     (no boots)
MR     .....                    (no amulet)
Stlth  ..........               (no ring)
                                (no ring)

@: not resistant to hostile enchantments, extremely unstealthy
A: negative energy resistance 1, electricity resistance, unbreathing,
petrification resistance, rot immunity, AC +4
a: no special abilities


You were on level 5 of the Dungeon.
You were not hungry.

You visited 1 branch of the dungeon, and saw 6 of its levels.

You collected 152 gold pieces.

Inventory:

Hand Weapons
 g - a +0 whip (weapon)
 u - a +0 hunting sling
Missiles
 e - 2 curare-tipped needles
 h - 85 stones (quivered)
Armour
 c - a +0 shield (worn)
 r - a +1 scale mail of poison resistance (worn)
 y - a +0 helmet (worn)
Scrolls
 a - a scroll of enchant armour {unknown}
 b - a scroll of fear {unknown}
 j - a scroll of remove curse {unknown}
 k - 3 scrolls of identify {unknown}
 m - a scroll of fog {unknown}
 n - 3 scrolls of enchant weapon {unknown}
 p - a scroll of immolation {unknown}
 q - a scroll of noise {unknown}
 w - a scroll of blinking {unknown}
 A - 2 scrolls of magic mapping {unknown}
Potions
 d - a potion of might
 i - 2 potions of degeneration {unknown}
 l - a potion of berserk rage {unknown}
 o - 2 potions of flight {unknown}
 s - a potion of mutation {unknown}
 t - a potion of ambrosia {unknown}
 v - a potion of experience {unknown}
 z - a potion of brilliance {unknown}
Comestibles
 f - 2 bread rations


   Skills:
 + Level 6.0 Fighting
 * Level 5.7 Maces & Flails
 - Level 3.2 Armour
 - Level 3.2 Shields


You had 6 spell levels left.
You didn't know any spells.

Dungeon Overview and Level Annotations

Branches:
Dungeon (6/15)
 Temple: D:4-7

Altars:
Kikubaaqudgha
Makhleb

Annotations:
D:3 Grinder, Sigmund
D:4 Edmund


Innate Abilities, Weirdness & Mutations

You are resistant to torment.
Your stone body is resilient (AC +4).
You are immune to poison.
You resist negative energy.
You are resistant to electric shocks.
You can survive without breathing.
You are immune to petrification.
You are immune to rotting.


Message History

You hit the ogre.
The ogre is moderately wounded.
The ogre hits you with a giant club!!
Your shield and scale mail prevent you from hitting the ogre.
The ogre is lightly wounded.
You block the ogre's attack.
There is a stone staircase leading down here.
You see here a giant spiked club.
You open the door. The ogre hits you with a giant club.
There is an open door here.
All of the chunks of flesh in your inventory have rotted away.
There is an open door here.
You hit the ogre.
The ogre is lightly wounded.
The ogre hits you with a giant club.
You hit the ogre but do no damage.
The ogre is lightly wounded.
The ogre hits you with a giant club!!
You die...

#...#######..##..)....#
#.#.......#...#..######
#...#####........#
##### #........#
###......# ##.##### #.#
#O# #@# #.# ## #.#
##.##.# #####
.###...#.# #...#####
.........# #.......#
.###...#.## #...###.#
##.#...#####.## #.#
#.........>.# #.....


You could see an ogre.

Vanquished Creatures
  An ice beast (D:5)
  A necrophage (D:5)
  An ogre (D:5)
  A giant frog skeleton (D:4)
  2 worker ants
  6 adders
  2 worms
  3 giant geckos
  An orc (D:4)
  2 ball pythons
  A giant cockroach (D:1)
  7 goblins
  6 hobgoblins
  4 jackals
  2 kobolds
  2 quokkas (D:4)
  2 bats (D:1)
  3 giant newts
  2 rats (D:1)
49 creatures vanquished.

Notes
Turn   | Place    | Note
--------------------------------------------------------------
     0 | D:1      | kraedy the Gargoyle Fighter began the quest for the Orb.
     0 | D:1      | Reached XP level 1. HP: 14/14 MP: 1/1
   133 | D:1      | Reached XP level 2. HP: 14/20 MP: 2/2
   442 | D:1      | Reached skill level 4 in Fighting
   967 | D:3      | Found an ancient bone altar of Kikubaaqudgha.
  1217 | D:2      | Reached XP level 3. HP: 22/24 MP: 3/3
  1814 | D:3      | Noticed Sigmund
  1822 | D:2      | Reached XP level 4. HP: 27/30 MP: 4/4
  1935 | D:3      | Found a burning altar of Makhleb.
  2169 | D:3      | Noticed Grinder
  2176 | D:3      | Paralysed by Grinder for 3 turns
  2354 | D:4      | Reached XP level 5. HP: 34/34 MP: 5/5
  2370 | D:4      | Reached skill level 5 in Fighting
  2464 | D:4      | Noticed Edmund
  2494 | D:5      | Entered Level 5 of the Dungeon
  2521 | D:5      | Noticed an ice beast
  2538 | D:5      | Killed an ice beast
  2538 | D:5      | Reached XP level 6. HP: 12/40 MP: 6/6
  2866 | D:5      | Noticed a necrophage
  2901 | D:5      | Killed a necrophage
  2901 | D:5      | Reached skill level 5 in Maces & Flails
  2987 | D:5      | Reached skill level 6 in Fighting
  2987 | D:5      | Reached XP level 7. HP: 33/46 MP: 7/7
  3202 | D:5      | Slain by an ogre

Skill      XL: |  1  2  3  4  5  6 |
---------------+-------------------+-----
Fighting       | 4 5 6 |  6.0
Maces & Flails | 3 4 5 |  5.7
Armour         | |  3.2
Shields        | |  3.2

Action                   |  1- 3 |  4- 6 |  7- 9 || total
-------------------------+-------+-------+-------++-------
Melee: Flail             |    22 |       |       ||    22
       Whip              |   144 |   231 |     6 ||   381
  Eat: Chunk             |     3 |     3 |       ||     6
       Pizza             |       |     1 |       ||     1
Armor: Scale mail        |    74 |    99 |       ||   173
Dodge: Dodged            |    48 |    51 |       ||    99
Block: Shield            |    81 |    95 |     1 ||   177
